 Dungeon Crawl Stone Soup version 0.30-a0-451-ge042605de7 (webtiles) character file.

Game seed: 8917328812962686598

2751 bande the Cleaver (level 9, -8/55 HPs)
             Began as a Gargoyle Fighter on Dec 11, 2022.
             Was a Priest of Okawaru.
             Mangled by a hornet (10 damage)
             ... on level 7 of the Dungeon.
             The game lasted 00:09:45 (7014 turns).

bande the Cleaver (Gargoyle Fighter)                Turns: 7014, Time: 00:09:46

Health: -8/55      AC: 23    Str: 20    XL:     9   Next: 68%
Magic:  13/13      EV:  9    Int:  9    God:    Okawaru [***...]
Gold:   391        SH:  6    Dex: 13    Spells: 8/8 levels left

rFire   . . .      SeeInvis .    a - +0 war axe
rCold   . . .      Faith    .    c - +1 buckler
rNeg    + . .      Spirit   .    b - +0 scale mail
rPois   ∞          Reflect  .    i - +2 helmet
rElec   +          Harm     .    u - +2 cloak
rCorr   .          Rampage  .    m - +2 pair of gloves
Will    .....                    (no boots)
Stlth   ..........               (no amulet)
HPRegen 0.29/turn                (no ring)
MPRegen 0.13/turn                (no ring)

@: no status effects
A: sickness immunity, AC +6, negative energy resistance 1, electricity
resistance, torment resistance 1, petrification resistance
a: Renounce Religion, Heroism


You were on level 7 of the Dungeon.
You worshipped Okawaru.
Okawaru was most pleased with you.
You visited 2 branches of the dungeon, and saw 8 of its levels.
You also visited: Ossuary.

You collected 391 gold pieces.

Inventory:

Hand Weapons
 a - a +0 war axe (weapon)
 j - a +0 flail
Armour
 b - a +0 scale mail (worn)
 c - a +1 buckler (worn)
 i - a +2 helmet (worn)
 m - a +2 pair of gloves (worn)
 u - a +2 cloak (worn)
Wands
 t - a wand of polymorph (13)
Scrolls
 l - 3 scrolls of amnesia
 p - a scroll of enchant armour
 r - 4 scrolls of identify
Potions
 d - 5 potions of might
 e - 5 potions of heal wounds
 f - 5 potions of invisibility
 g - 3 potions of curing {unknown}
 h - 2 potions of haste
 k - 2 potions of magic {unknown}
 n - 2 potions of lignification {unknown}
 o - a potion of brilliance {unknown}
 v - a potion of mutation {unknown}
 w - 2 potions of cancellation {unknown}
 x - 2 potions of berserk rage {unknown}


   Skills:
 + Level 5.9 Fighting
 + Level 8.5 Axes
 + Level 6.2 Armour
 - Level 0.1 Dodging
 + Level 5.4 Shields
 * Level 5.3 Invocations


You had 8 spell levels left.
You didn't know any spells.
Your spell library was empty.

Dungeon Overview and Level Annotations

Branches:
Dungeon (7/15)             Temple (1/1) D:4         Ossuary (visited)

Altars:
Ashenzari
Elyvilon
Fedhas
Hepliaklqana
Okawaru
Ru
Sif Muna
Trog
Uskayaw
Zin
The Shining One

Shops:
D:5 *


Innate Abilities, Weirdness & Mutations

You are immune to sickness and miasma.
Your stone body is resilient. (AC +6)
You are immune to poison.
You resist negative energy. (rN+)
You are resistant to electric shocks. (rElec)
You are resistant to unholy torment.
You are immune to petrification.


Message History

The hornet stings you but does no damage.
The hornet barely misses you.
You hit the hornet.
The hornet is moderately wounded.
The hornet stings you but does no damage. x2
You hit the hornet.
The hornet is moderately wounded.
The hornet stings you but does no damage.
You slash the hornet!
The hornet is severely wounded.
The hornet barely misses you. The hornet stings you!
You hit the hornet.
The hornet is almost dead.
The hornet closely misses you. The hornet stings you.
* * * LOW HITPOINT WARNING * * *
You completely miss the hornet.
The hornet is almost dead.
The hornet barely misses you.
The hornet stings you but does no damage.
You closely miss the hornet.
The hornet is almost dead.
The hornet stings you but does no damage.
You closely miss the hornet.
The hornet is almost dead.
You block the hornet's attack.
The hornet stings you but does no damage.
You barely miss the hornet.
The hornet is severely wounded.
The hornet stings you but does no damage.
You hit the hornet but do no damage.
The hornet is severely wounded.
The hornet stings you.
* * * LOW HITPOINT WARNING * * *
The hornet stings you but does no damage.
You closely miss the hornet.
The hornet is severely wounded.
The hornet stings you!
* * * LOW HITPOINT WARNING * * *
The hornet stings you!
You die...

......?..........##.#####........
....#............##..............
...###...........#####...........
...# #####.......# #########..#
...# #######.## ###... ...# #..#
###..### ...#** #..# ###...###.
.....##* ####.######...#.....
,......#######.y@....#...###.....
,........##....#####....###......
,.......[...#### ###.## #......
,......#..### ##.###......
*........## #..##......
*........# ##.##...... ,.......##
##.#...... ,.......* #........
*#.....#* ##.......


You could see a hornet.

Vanquished Creatures
  Sigmund (D:4)
  2 steam dragons (D:7)
  3 water moccasins
  A black bear (D:6)
  An ice beast (D:5)
  2 centaurs (D:7)
  An ogre (D:5)
  4 phantoms
  3 necrophages
  A scorpion (D:5)
  5 water moccasin zombies
  A hound (D:7)
  3 jellies
  An orc priest (D:7)
  A gnoll bouda (D:7)
  Crazy Yiuf (D:6)
  3 iguanas
  2 scorpion zombies (D:4)
  An orc wizard (D:7)
  2 mummies (Ossuary)
  2 hound zombies (D:4)
  Robin (D:2)
  10 gnolls
  10 adders
  A shadow imp (D:5)
  A white imp (D:2)
  An ufetubus (D:7)
  An adder skeleton (D:4)
  2 adder zombies (D:4)
  7 dart slugs
  10 orcs
  10 bats
  10 endoplasms
  4 giant cockroaches
  6 gnoll zombies (Ossuary)
  18 goblins
  6 hobgoblins
  9 jackals
  11 kobolds
  5 quokkas
  4 ball pythons
  3 frilled lizards
  5 hobgoblin zombies (Ossuary)
  4 kobold zombies (Ossuary)
  4 orc zombies (Ossuary)
  5 rats
189 creatures vanquished.

Vanquished Creatures (others)
  9 fungi (D:3)
  7 toadstools (D:3)
  2 withered plants (D:4)
18 creatures vanquished.

Grand Total: 207 creatures vanquished

Notes
Turn   | Place    | Note
-------+----------+-------------------------------------------
     0 | D:1      | bande the Gargoyle Fighter began the quest for the Orb.
     0 | D:1      | Reached XP level 1. HP: 14/14 MP: 1/1
    45 | D:1      | Reached XP level 2. HP: 19/19 MP: 2/2
    54 | D:1      | Reached skill level 2 in Axes
    72 | D:1      | Reached XP level 3. HP: 15/24 MP: 3/3
   549 | D:2      | Noticed Robin
   557 | D:2      | Reached XP level 4. HP: 28/29 MP: 4/4
   565 | D:2      | Killed Robin
   571 | D:2      | Reached skill level 3 in Axes
  1030 | D:3      | Reached XP level 5. HP: 33/33 MP: 5/5
  1178 | D:2      | HP: 1/33 [acid (2)]
  1343 | D:3      | Found a sacrificial altar of Ru.
  1380 | D:3      | Found a broken altar of Ashenzari.
  1395 | D:3      | Reached skill level 4 in Axes
  1665 | D:3      | Reached XP level 6. HP: 38/38 MP: 6/6
  2457 | D:4      | Reached skill level 5 in Axes
  2464 | D:4      | Reached XP level 7. HP: 37/44 MP: 7/7
  2623 | D:4      | Found a staircase to the Ecumenical Temple.
  2647 | Temple   | Entered the Ecumenical Temple
  2673 | Temple   | Became a worshipper of Warmaster Okawaru
  2796 | D:4      | Noticed Sigmund
  2824 | D:4      | Killed Sigmund
  2825 | D:4      | Reached skill level 1 in Invocations
  3099 | D:4      | Reached skill level 6 in Axes
  3294 | D:5      | Entered Level 5 of the Dungeon
  3309 | D:5      | Reached XP level 8. HP: 44/48 MP: 9/9
  3333 | D:5      | Reached * piety under Okawaru
  3334 | D:5      | Reached skill level 5 in Fighting
  3334 | D:5      | Reached skill level 5 in Armour
  4161 | D:5      | Found Voriust's General Store.
  4175 | D:5      | Found a hazy altar of Hepliaklqana.
  4858 | D:6      | Reached skill level 7 in Axes
  5410 | D:6      | Reached skill level 5 in Shields
  5410 | D:6      | Reached XP level 9. HP: 49/54 MP: 11/11
  5775 | D:6      | Found a runed translucent door.
  5776 | D:6      | Noticed Crazy Yiuf
  5906 | D:6      | Killed Crazy Yiuf
  6000 | D:7      | Reached ** piety under Okawaru
  6217 | D:7      | Found a sand-covered staircase.
  6229 | Ossuary  | Entered an ossuary
  6323 | Ossuary  | Reached skill level 8 in Axes
  6467 | D:7      | Found a glowing golden altar of the Shining One.
  6600 | D:7      | Reached skill level 5 in Invocations
  6952 | D:7      | Reached *** piety under Okawaru
  6992 | D:7      | Noticed a hornet
  7014 | D:7      | HP: 2/55 [hornet (11)]
  7014 | D:7      | Mangled by a hornet

Illustrated notes

Levels and vault maps discovered:
D:1:      lightli_iron_boxes, layout_rooms, chequers_serial_rivers_room_a
D:2:      layout_rooms, uniq_robin
D:3:      cheibrodos_fertilizer, layout_basic, nicolae_ru_sacrificial_ziggurat,
          mainiacjoe_overflow_chevrons, kennysheep_generic_room_11
D:4:      layout_loops_cross, temple_statues, serial_undead, serial_undead_e,
          serial_undead_f, serial_undead_d, serial_undead_a, serial_undead_c,
          uniq_sigmund
D:5:      layout_layer_cave, mainiacjoe_overflow_boulevard, serial_shops,
          kennysheep_mini_moat, serial_glass, glass_columns_a, glass_columns_b,
          glass_columns_a, glass_columns_c, glass_columns_c, glass_columns_a,
          glass_columns_a, glass_columns_a, st_stairs_11
D:6:      layout_basic, uniq_crazy_yiuf_cottage
D:7:      layout_cave_pods, tso_metal_star, serial_column_ruins,
          column_ruins_hut, column_ruins_open_tiny, column_ruins_open_tiny,
          column_ruins_open_small, enter_ossuary_2
Temple:   regret_index_temple_waves

Skill      XL: |  1  2  3  4  5  6  7  8  9 |
---------------+----------------------------+-----
Axes           | 2 3 4 5 6 7 8 |  8.5
Fighting       | 4 5 |  5.9
Armour         | 4 5 6 |  6.2
Shields        | 4 5 |  5.4
Invocations    | 2 3 5 |  5.3
Dodging        | |  0.1

Action                   |  1- 3 |  4- 6 |  7- 9 || total
-------------------------+-------+-------+-------++-------
Melee: War axe           |    77 |   160 |   418 ||   655
  Use: Scroll            |       |     5 |     7 ||    12
Armor: Scale mail        |    85 |   132 |   261 ||   478
Dodge: Dodged            |    66 |   100 |   180 ||   346
Block: Buckler           |    28 |    52 |   149 ||   229

Table legend: (Time is in decaauts)
 A = Elapsed time spent in this place.
 B = Non-inter-level travel time spent in this place.
 C = Inter-level travel time spent in this place.
 D = Time resting spent in this place.
 E = Time spent auto-exploring this place.
 F = Levels seen in this place.
 G = Mean time per level.
                   A        B        C        D        E       F      G
               +--------+--------+--------+--------+--------+-----+--------+
         Total |   7186 |   6934 |    252 |    581 |   4868 |   9 |  798.4 |
       Dungeon |   6961 |   6722 |    239 |    581 |   4778 |   7 |  994.4 |
        Temple |     40 |     27 |     13 |      0 |     15 |   1 |   40.0 |
       Ossuary |    183 |    183 |      0 |      0 |     75 |   1 |  183.0 |
               +--------+--------+--------+--------+--------+-----+--------+

Top non-repeatable levels by time:
     D:5: 1508 daAuts
     D:3: 1251 daAuts
     D:6: 1218 daAuts
     D:4: 872 daAuts
     D:7: 864 daAuts
     D:2: 678 daAuts
     D:1: 567 daAuts
 Ossuary: 183 daAuts
  Temple: 40 daAuts
